 Dungeon Crawl Stone Soup version 0.29-a0-409-gd843f3a48c (webtiles) character file.

Game seed: 13160135814599796091

30641 holysushi the Nimble (level 13, -15/96 HPs)
             Began as a Mummy Monk on May 14, 2022.
             Was an Initiate of Gozag.
             Demolished by a naga
             ... wielding a +0 trident
              (23 damage)
             ... on level 4 of the Lair of Beasts.
             The game lasted 00:36:51 (18367 turns).

holysushi the Nimble (Mummy Monk)                  Turns: 18367, Time: 00:36:52

Health: -15/96     AC: 13    Str: 14    XL:     13   Next: 21%
Magic:  13/13      EV: 17    Int:  7    God:    Gozag
Gold:   2962       SH:  0    Dex: 19    Spells: 9/12 levels left

rFire   . . .      SeeInvis .   D - +9 short sword (speed)
rCold   + . .      Faith    .   (no shield)
rNeg    + + +      Spirit   .   C - +1 troll leather armour
rPois   ∞          Reflect  .   (no helmet)
rElec   .          Harm     .   v - scarf {+Inv}
rCorr   .          Rampage  +   B - +0 pair of gloves
Will    +++..                   o - +2 pair of boots {rampage}
Stlth   +++.......              b - necklace of Bloodlust {*Rage Will++ Int-3 Slay+6}
HPRegen 1.06/turn               y - +4 ring of protection
MPRegen 0.13/turn               u - ring of protection from fire

@: constricted
A: cold resistance 1, negative energy resistance 3, torment resistance 2, heat
vulnerability 1, in touch with death 2, no potions
a: Renounce Religion, Evoke Invisibility, Potion Petition, Call Merchant, Bribe
Branch


You were on level 4 of the Lair of Beasts.
You worshipped Gozag.
Gozag was most pleased with you.
You visited 3 branches of the dungeon, and saw 14 of its levels.
You also visited: Bailey.

You collected 3564 gold pieces.
You spent 602 gold pieces at shops.

Inventory:

Hand Weapons
 n - the +9 whip of Kindness {pain, rN+}
   (You found it on level 3 of the Dungeon)

   In the hands of one skilled in necromantic magic, it inflicts extra damage on
   living creatures.
   rN:        It protects you from negative energy.
 A - the +7 falchion "Pioverud" {spect, rCorr}
   (You found it on level 6 of the Dungeon)

   When its wielder attacks, the weapon's spirit leaps out and strikes again.
   The spirit shares a part of any damage it takes with its wielder.
   rCorr:     It protects you from acid and corrosion.
 D - a +9 short sword of speed (weapon)
Missiles
 h - a throwing net
 j - 3 javelins (quivered)
Armour
 o - a +2 pair of boots of rampaging (worn)
 v - a scarf of invisibility (worn)
 B - a +0 pair of gloves (worn)
 C - a +1 troll leather armour (worn)
Jewellery
 b - the necklace of Bloodlust (around neck) {*Rage Will++ Int-3 Slay+6}
   (You found it on level 7 of the Dungeon)

   [amulet of nothing]

   It extends the wearer's berserk rage when killing foes.
   Int:       It affects your intelligence (-3).
   Slay:      It affects your accuracy & damage with ranged weapons and melee
   (+6).
   *Rage:     It berserks you when you make melee attacks (+50% chance).
   Will:      It greatly increases your willpower.
 p - a ring of flight
 s - a ring of protection from cold
 u - a ring of protection from fire (right hand)
 x - a ring of magical power
 y - a +4 ring of protection (left hand)
 F - an amulet of regeneration
Wands
 c - a wand of digging (3)
 e - a wand of polymorph (11)
 i - a wand of flame (20)
 w - a wand of iceblast (14)
 G - a wand of acid (1)
 I - a wand of charming (1)
Scrolls
 a - 7 scrolls of identify
 d - 4 scrolls of amnesia
 f - 8 scrolls of teleportation
 g - 3 scrolls of fear
 k - 2 scrolls of poison
 l - a scroll of silence
 m - 3 scrolls of magic mapping
 q - 3 scrolls of fog
 r - 4 scrolls of summoning
 t - a scroll of vulnerability
 z - 2 scrolls of blinking
 E - 4 scrolls of noise


   Skills:
 - Level 7.4 Fighting
 + Level 13.2 Dodging
 - Level 4.0 Stealth
 - Level 4.2 Unarmed Combat
 + Level 3.4 Necromancy
 - Level 11.6 Evocations


You had 9 spell levels left.
You knew the following spells:

 Your Spells              Type           Power      Damage    Failure   Level
a - Vampiric Draining     Necr           10%        2d6       41%         3

Your spell library contained the following spells:

 Spells                   Type           Power      Damage    Failure   Level
 Foxfire                  Conj/Fire      0%         2x1d4     52%         1
 Slow                     Hex            0%         N/A       52%         1
 Confusing Touch          Hex            0%         N/A       87%         3
 Conjure Flame            Conj/Fire      0%         6-21      87%         3
 Frozen Ramparts          Ice            0%         1d2       87%         3
 Inner Flame              Hex/Fire       0%         N/A       87%         3
 Airstrike                Air            0%         N/A       99%         4
 Flame Wave               Conj/Fire      0%         2d4       99%         4
 Hailstorm                Conj/Ice       0%         3d3       99%         4
 Petrify                  Tmut/Erth      0%         N/A       99%         4
 Summon Ice Beast         Ice/Summ       0%         N/A       99%         4
 Summon Lightning Spire   Summ/Air       0%         N/A       99%         4
 Irradiate                Conj/Tmut      0%         3d13      100%        5
 Lightning Bolt           Conj/Air       0%         1d11      100%        5
 Simulacrum               Ice/Necr       2%         N/A       100%        6
 Sublimation of Blood     Necr           Unusable   N/A       N/A         2
 Ice Form                 Ice/Tmut       Unusable   N/A       N/A         4

Dungeon Overview and Level Annotations

Branches:
Dungeon (9/15)             Temple (1/1) D:7            Lair (4/6) D:9
 Shoals (0/4) Lair:4        Snake (0/4) Lair:4          Orc (0/2) D:9
 Bailey (visited)

Altars:
Ashenzari
Cheibriados
Dithmenos
Elyvilon
Fedhas
Gozag
Hepliaklqana
Kikubaaqudgha
Makhleb
Nemelex Xobeh
Okawaru
Qazlal
Ru
Sif Muna
Trog
Uskayaw
Vehumet
Wu Jian
Xom
Yredelemnul
Zin
The Shining One

Shops:
D:4 *

Annotations:
D:4 3 runed translucent doors, HendSelp's ghost, amateur HuMo
D:6 2 transporters, qwertyui's ghost, novice MiFi
D:8 1 runed translucent door, Sekkong's ghost, novice MiFi


Innate Abilities, Weirdness & Mutations

You are immune to poison.
Your flesh is cold resistant. (rC+)
You are immune to negative energy. (rN+++)
You are immune to unholy pain and torment.
You are vulnerable to heat. (rF-)
You are strongly in touch with the powers of death.
You do not drink.


Message History

The naga shouts!
The naga spits poison at you. The splash of poison misses you.
The naga shouts!
You start waiting.
A naga is nearby!
You rampage towards the naga!
The naga closely misses you. The naga misses you. The naga spits poison at you.
The splash of poison hits you but does no damage.
You resist.
You puncture the naga!
The naga is moderately wounded.
The naga hits you with a +2 mace of holy wrath!
You convulse!
The naga misses you.
You hit the naga.
The naga is heavily wounded.
The naga hits you with a +0 trident! The naga grabs you.
The naga constricts you.
You puncture the naga!
The naga is moderately wounded.
The naga hits you with a +2 mace of holy wrath!
You convulse!
The naga hits you with a +0 trident. The naga constricts you.
You are too injured to fight recklessly!
You are too injured to fight recklessly!
Unknown command.
You puncture the naga!
The naga is severely wounded.
The naga hits you with a +2 mace of holy wrath.
You convulse.
The naga hits you with a +0 trident!!
* * * LOW HITPOINT WARNING * * *
The naga constricts you.
* * * LOW HITPOINT WARNING * * *
The naga's grasp on you weakens, but your attempt to escape fails.
The naga hits you with a +2 mace of holy wrath.
* * * LOW HITPOINT WARNING * * *
You convulse.
* * * LOW HITPOINT WARNING * * *
The naga hits you with a +0 trident!!
You die...
Your body crumbles into a pile of gold.

#P....P....#...≈≈≈≈≈
##.........N..N≈..≈.
#..........#....#...
##..P...............
##........P.....P##.
#..##............# #.#
##..###.#..P.........≈
#P.####....P....≈≈≈≈≈≈
##...@N........≈≈≈≈≈≈≈
##....N........≈≈≈≈≈≈≈
#..............≈≈≈≈≈.≈
##.............≈≈≈.<≈≈
#P............≈≈≈≈≈.≈≈
##............≈≈≈≈≈≈≈≈
##...###.##PP...≈≈≈≈≈≈
#...########....≈≈≈≈≈≈
#..##P###..#.....≈≈≈..


You could see 2 nagas.

Vanquished Creatures
  A hydra (Lair:2)
  3 deep trolls (D:7)
  Pikel (D:7)
  An orc knight (Bailey)
  5 elephants (Lair:3)
  A black mamba (Lair:3)
  A guardian serpent (shapeshifter) (D:9)
  7 cane toads
  A torpor snail (Lair:3)
  3 rime drakes
  3 komodo dragons
  A queen bee (Lair:3)
  19 blink frogs
  3 dream sheep (Lair:3)
  Sigmund (D:5)
  48 yaks
  7 wyverns
  7 basilisks
  4 steam dragons
  10 water moccasins
  3 sky beasts
  4 black bears
  10 orc warriors
  2 ice beasts (D:7)
  5 wolves (Lair:3)
  2 ogres (D:4)
  3 centaurs
  2 lemures
  A phantom (D:6)
  14 bullfrogs
  A gnoll sergeant (D:8)
  A necrophage (D:7)
  A scorpion (D:6)
  13 wights
  25 killer bees
  4 howler monkeys
  4 orc priests
  4 hounds
  2 jellies
  Ijyb (D:5)
  An iguana (D:6)
  4 orc wizards
  5 hell rats (Lair:3)
  11 gnolls
  4 adders
  A shadow imp (D:4)
  2 white imps
  2 ufetubi
  2 worms
  A dart slug (D:2)
  53 orcs
  4 bats
  4 endoplasms
  6 giant cockroaches
  7 goblins
  13 hobgoblins
  2 quokkas
  2 ball pythons
  A frilled lizard (D:2)
  6 kobolds
  6 rats
366 creatures vanquished.

Vanquished Creatures (others)
  6 fungi
  31 plants
37 creatures vanquished.

Grand Total: 403 creatures vanquished

Notes
Turn   | Place    | Note
-------+----------+-------------------------------------------
     0 | D:1      | holysushi the Mummy Monk began the quest for the Orb.
     0 | D:1      | Reached XP level 1. HP: 18/18 MP: 1/1
   441 | D:1      | Reached XP level 2. HP: 7/24 MP: 2/2
  1194 | D:2      | Gained mutation: You are in touch with the powers of death.
                  | [Mummy growth]
  1194 | D:2      | Reached XP level 3. HP: 19/29 MP: 3/3
  1941 | D:2      | Reached XP level 4. HP: 30/35 MP: 4/4
  2445 | D:3      | Found a burning altar of Makhleb.
  2849 | D:3      | Identified the +9 whip of Kindness {pain, rN+}
  3135 | D:4      | Noticed an ogre
  3139 | D:4      | Killed an ogre
  3140 | D:4      | Reached skill level 3 in Dodging
  3140 | D:4      | Reached XP level 5. HP: 16/42 MP: 5/5
  3341 | D:4      | Noticed a sky beast
  3354 | D:4      | Killed a sky beast
  3355 | D:4      | Reached XP level 6. HP: 25/48 MP: 6/6
  3533 | D:4      | Found Xexeg's Mayhem Merchandise.
  4080 | D:4      | Reached skill level 4 in Dodging
  4176 | D:4      | Found a runed translucent gate.
  4176 | D:4      | Found a runed translucent gate.
  4176 | D:4      | Found a runed translucent gate.
  4197 | D:4      | Noticed HendSelp's ghost (amateur HuMo)
  4220 | D:4      | Reached skill level 5 in Fighting
  4368 | D:5      | Entered Level 5 of the Dungeon
  4552 | D:5      | Reached XP level 7. HP: 25/56 MP: 7/7
  4859 | D:5      | Noticed Sigmund
  5206 | D:4      | Bought a wand of iceblast (10) for 196 gold pieces
  5258 | D:5      | Killed Sigmund
  5259 | D:5      | Reached skill level 1 in Evocations
  5687 | D:5      | Noticed Ijyb
  5693 | D:5      | Killed Ijyb
  5694 | D:5      | Reached skill level 5 in Dodging
  6090 | D:6      | Reached XP level 8. HP: 53/64 MP: 8/8
  6282 | D:6      | Found a transporter.
  6288 | D:6      | Identified the +7 falchion "Pioverud" {spect, rCorr}
  6307 | D:6      | Noticed qwertyui's ghost (novice MiFi)
  6318 | D:6      | Found a transporter.
  6715 | D:5      | Reached skill level 6 in Dodging
  7628 | D:7      | Noticed a deep troll
  7628 | D:7      | Noticed a deep troll
  7695 | D:7      | Noticed a deep troll
  8069 | D:7      | Killed a deep troll
  8070 | D:7      | Reached skill level 5 in Evocations
  8070 | D:7      | Reached XP level 9. HP: 69/69 MP: 9/9
  8076 | D:7      | Killed a deep troll
  8576 | D:7      | Killed a deep troll
  8737 | D:7      | Reached skill level 7 in Dodging
  8936 | D:7      | Found the necklace of Bloodlust {*Rage Will++ Int-3 Slay+6}
  9066 | D:7      | Found a staircase to the Ecumenical Temple.
  9180 | Temple   | Entered the Ecumenical Temple
  9294 | Temple   | Became a worshipper of Gozag Ym Sagoz the Greedy
  9364 | D:4      | Bought a wand of iceblast (4) for 112 gold pieces
  9811 | D:8      | Reached XP level 10. HP: 74/76 MP: 10/10
 10052 | D:8      | Found an iron altar of Okawaru.
 10052 | D:8      | Noticed Pikel
 10474 | D:7      | Killed Pikel
 10475 | D:7      | Reached skill level 8 in Dodging
 10533 | D:8      | Found a hide-covered altar of Uskayaw.
 10583 | D:8      | Noticed Sekkong's ghost (novice MiFi)
 10607 | D:8      | Found a runed translucent door.
 11177 | D:8      | You are sucked into a shaft and drop 1 floor!
 11450 | D:9      | Found a staircase to the Orcish Mines.
 11497 | D:9      | Found a flagged portal.
 11532 | Bailey   | Entered a bailey
 11712 | Bailey   | Noticed an orc knight
 11762 | Bailey   | Killed an orc knight
 11763 | Bailey   | Reached skill level 9 in Dodging
 12202 | D:9      | Reached XP level 11. HP: 46/78 MP: 11/11
 12255 | D:9      | Found a staircase to the Lair.
 12477 | D:4      | Bought a wand of iceblast (4) for 112 gold pieces
 12477 | D:4      | Bought a wand of iceblast (9) for 182 gold pieces
 13274 | Lair:1   | Entered Level 1 of the Lair of Beasts
 13279 | Lair:1   | Reached skill level 10 in Dodging
 14155 | Lair:1   | Reached skill level 10 in Evocations
 14267 | Lair:1   | Reached skill level 11 in Dodging
 14534 | Lair:1   | Reached XP level 12. HP: 30/91 MP: 12/12
 15328 | Lair:2   | Noticed a four-headed hydra
 15342 | Lair:2   | Killed a four-headed hydra
 15499 | Lair:2   | Found a burning altar of Makhleb.
 15982 | Lair:2   | Reached skill level 12 in Dodging
 17210 | Lair:3   | Gained mutation: You are strongly in touch with the powers
                  | of death. [Mummy growth]
 17210 | Lair:3   | Reached XP level 13. HP: 96/96 MP: 13/13
 17265 | Lair:3   | Learned a level 3 spell: Vampiric Draining
 17369 | Lair:3   | Reached skill level 1 in Necromancy
 17482 | Lair:3   | Reached skill level 13 in Dodging
 17902 | Lair:4   | Found a staircase to the Shoals.
 18310 | Lair:4   | Found a staircase to the Snake Pit.
 18367 | Lair:4   | Demolished by a naga

Illustrated notes

Levels and vault maps discovered:
D:1:      lemuel_arrival_funnel, layout_basic, hex_medium
D:2:      layout_loops_ring, grunt_decor_cap
D:3:      layout_loops_ring, mainiacjoe_overflow_catwalk_spiral
D:4:      layout_rooms, gammafunk_ghost_split, minmay_misc_feat_rugged,
          minmay_shop_mayhem
D:5:      layout_loops_ring, uniq_sigmund, uniq_ijyb
D:6:      layout_cave_pools, gammafunk_ghost_stat_death,
          chequers_serial_rivers_large_a
D:7:      black_bear_nest_1, layout_layer_cave, minmay_temple_entry_junction,
          kennysheep_minor_cross, hellmonk_guarded_unrand_vitality_bloodlust
D:8:      layout_loops_cross, okawaru_ov_weapons_minmay, kennysheep_little_box,
          hellmonk_ghost_big_iron, uniq_pikel
D:9:      minmay_goldmine, layout_cave_pools, lair_entry_dummy, david_orc_3,
          enter_bailey_4
Temple:   compressed_dpeg_circular_temple
Lair:1:   layout_long_grid, grunt_megastairs_5
Lair:2:   layout_layer_cave, basic_altar
Lair:3:   regret_index_wax_grids, layout_hall_layers,
          chequers_serial_rivers_micro_b, minmay_shattered_shrine
Lair:4:   layout_regular_city, elwin_shoals_entry_rocks,
          guppyfry_snake_entry_island, infiniplex_staircase_pool_2,
          grunt_megastairs_1, lemuel_fruit_tree, serial_bayou_shore_a

Skill      XL: |  1  2  3  4  5  6  7  8  9 10 11 12 13 |
---------------+----------------------------------------+-----
Unarmed Combat | 3 4 |  4.2
Dodging        | 3 4 5 6 7 9 11 12 13 | 13.2
Fighting       | 4 5 6 7 |  7.4
Evocations     | 1 5 7 8 10 11 | 11.6
Stealth        | 4 |  4.0
Necromancy     | 3 |  3.4

Action                   |  1- 3 |  4- 6 |  7- 9 | 10-12 | 13-15 || total
-------------------------+-------+-------+-------+-------+-------++-------
Melee: Unarmed           |   151 |    60 |       |       |       ||   211
       Punch             |     4 |     4 |    11 |    49 |     4 ||    72
       Whip              |       |    86 |   234 |   416 |       ||   736
       Short sword       |       |       |       |   558 |   149 ||   707
 Abil: Evoke Invisibilit |       |       |       |     6 |       ||     6
Evoke: Wand              |       |       |    34 |    18 |       ||    52
  Use: Scroll            |       |       |    12 |    11 |     1 ||    24
 Stab: Sleeping          |       |     1 |     3 |     5 |     2 ||    11
       Paralysed         |       |       |     8 |    17 |       ||    25
       Invisible         |       |       |       |    13 |       ||    13
       Distracted        |       |       |       |     7 |     2 ||     9
Armor: Leather armour    |    20 |    17 |    29 |       |       ||    66
       Robe              |     1 |       |       |       |       ||     1
       Scale mail        |    31 |    33 |       |       |       ||    64
       Troll leather arm |       |       |    20 |   221 |    30 ||   271
Dodge: Dodged            |    97 |    79 |   162 |   814 |   120 ||  1272

Table legend: (Time is in decaauts)
 A = Elapsed time spent in this place.
 B = Non-inter-level travel time spent in this place.
 C = Inter-level travel time spent in this place.
 D = Time resting spent in this place.
 E = Time spent auto-exploring this place.
 F = Levels seen in this place.
 G = Mean time per level.
                   A        B        C        D        E       F      G
               +--------+--------+--------+--------+--------+-----+--------+
         Total |  18266 |  17024 |   1242 |   5203 |   7001 |  15 | 1217.7 |
       Dungeon |  13051 |  11934 |   1117 |   4524 |   4720 |   9 | 1450.1 |
        Temple |    128 |    118 |     10 |      0 |     57 |   1 |  128.0 |
          Lair |   4506 |   4392 |    114 |    514 |   2211 |   4 | 1126.5 |
        Bailey |    579 |    579 |      0 |    165 |     13 |   1 |  579.0 |
               +--------+--------+--------+--------+--------+-----+--------+

Top non-repeatable levels by time:
     D:6: 2158 daAuts
     D:5: 1830 daAuts
     D:7: 1758 daAuts
  Lair:3: 1487 daAuts
     D:8: 1397 daAuts
     D:9: 1371 daAuts
     D:4: 1344 daAuts
  Lair:2: 1191 daAuts
  Lair:1: 1169 daAuts
     D:2: 1131 daAuts
     D:1: 1094 daAuts
     D:3: 964 daAuts
  Lair:4: 657 daAuts
  Bailey: 579 daAuts
  Temple: 128 daAuts
